 Dungeon Crawl Stone Soup version 0.26-a0-597-gb535b0901c (webtiles) character file.

Game seed: 10873695205978845626

119 Lanoc the Chopper (level 5, -3/42 HPs)
             Began as a Formicid Berserker on Sept 2, 2020.
             Was a Believer of Trog.
             Killed from afar by an orc wizard (11 damage)
             ... with a magic dart
             ... on level 3 of the Dungeon.
             The game lasted 00:02:11 (2300 turns).

Lanoc the Chopper (Formicid Berserker)              Turns: 2300, Time: 00:02:12

Health: -3/42      AC:  2    Str: 22    XL:     5   Next: 24%
Magic:  5/5        EV: 12    Int:  6    God:    Trog [**....]
Gold:   121        SH:  0    Dex: 11    Spells: 4/4 levels left

rFire    . . .     SeeInvis +   a - +0 hand axe
rCold    . . .     Faith    .   (no shield)
rNeg     . . .     Spirit   .   b - +0 animal skin
rPois    .         Reflect  .   (helmet unavailable)
rElec    .         Harm     .   (no cloak)
rCorr    .                      (no gloves)
MR       .....                  (no boots)
Stlth    +.........             (no amulet)
HPRegen  0.14/turn              (no ring)
MPRegen  0.09/turn              (no ring)

@: no status effects
A: permanent stasis, dig shafts and tunnels, four strong arms, antennae 3
a: Dig, Shaft Self, Trog's Hand, Renounce Religion


You were on level 3 of the Dungeon.
You worshipped Trog.
Trog was pleased with you.
You visited 1 branch of the dungeon, and saw 3 of its levels.

You collected 121 gold pieces.

Inventory:

Hand Weapons
 a - a +0 hand axe (weapon)
Armour
 b - a +0 animal skin (worn)
Scrolls
 c - a scroll of remove curse {unknown}
 e - a scroll of noise {unknown}
 g - a scroll of magic mapping {unknown}
Potions
 d - a potion of might {unknown}
 f - a potion of stabbing {unknown}
 h - a potion of invisibility {unknown}


   Skills:
 + Level 4.0 Fighting
 * Level 4.1 Axes
 + Level 3.1 Armour
 + Level 2.5 Dodging


You had 4 spell levels left.
You didn't know any spells.
Your spell library was empty.

Dungeon Overview and Level Annotations

Branches:
Dungeon (3/15)

Altars:
Ashenzari
Gozag
Makhleb


Innate Abilities, Weirdness & Mutations

You cannot be hasted, slowed, berserked, paralysed or teleported.
You can dig through walls and to a lower floor.
Your four strong arms can wield two-handed weapons with a shield.
You have a pair of large antennae on your head. (SInv)


Message History

The jackal bites you.
You closely miss the jackal.
The jackal is heavily wounded.
The jackal barely misses you. x2
You closely miss the jackal.
The jackal is heavily wounded.
The jackal bites you. The jackal barely misses you.
You hit the jackal.
You kill the jackal!
Trog accepts your kill.
There is a shaft here.
The ooze falls through a shaft!
The shaft crumbles and collapses.
The orc wizard gestures at you while chanting.
The puff of frost hits you!
* * * LOW HITPOINT WARNING * * *
The orc wizard points at you and mumbles some strange words.
The puff of flame misses you.
The orc wizard points at you and mumbles some strange words.
The magic dart hits you!
You die...

#......# #......# #####
#......###### #...#
#........†..# #...#
#.....(####(####...#
#.......# #.......#.
#....>..###.......#.
#######.).....o.##...##)..
#........@#####.#...###.##
#>......<.### #....###.o..
#..........†####.o.##..###
#.........#..###...##.###.
#..<......##.......##.# #.
#.........#####.......##.
########### ##.#...##.
#.....# #..##....#


You could see an orc wizard.

Vanquished Creatures
  6 gnolls
  An adder (D:3)
  A worm (D:2)
  A leopard gecko (D:1)
  7 orcs
  3 bats
  A giant cockroach (D:1)
  6 goblins
  4 hobgoblins
  4 jackals (D:3)
  A quokka (D:2)
  3 kobolds
  3 rats
41 creatures vanquished.

Notes
Turn   | Place    | Note
-------+----------+-------------------------------------------
     0 | D:1      | Lanoc the Formicid Berserker began the quest for the Orb.
     0 | D:1      | Reached XP level 1. HP: 18/18 MP: 1/1
   323 | D:1      | Found a shattered altar of Ashenzari.
   342 | D:1      | Reached XP level 2. HP: 24/24 MP: 2/2
   636 | D:2      | Reached XP level 3. HP: 23/29 MP: 3/3
  1097 | D:2      | Reached XP level 4. HP: 37/37 MP: 4/4
  1123 | D:2      | Found a burning altar of Makhleb.
  1139 | D:2      | Reached ** piety under Trog
  1274 | D:2      | Found an opulent altar of Gozag.
  2079 | D:3      | Reached XP level 5. HP: 24/42 MP: 5/5
  2300 | D:3      | Killed from afar by an orc wizard

Illustrated notes

Levels and vault maps discovered:
D:1:      dpeg_arrival_concentric_ovals, layout_basic,
          minmay_misc_feat_more_columns, nicolae_ashenzari_panopticon
D:2:      layout_loops_ring, old_standard_altar, overflow_temple_1_default,
          lemuel_crystal_altar, dancing_weapons_uskayaw
D:3:      layout_rooms

Skill      XL: |  1  2  3  4 |
---------------+-------------+-----
Dodging        | 2 |  2.5
Axes           | 4 |  4.1
Armour         | 3 |  3.1
Fighting       | 4 |  4.0

Action                   |  1- 3 |  4- 6 || total
-------------------------+-------+-------++-------
Melee: Hand axe          |    65 |    87 ||   152
Armor: Animal skin       |    10 |    12 ||    22
Dodge: Dodged            |    53 |    73 ||   126

Table legend: (Time is in decaauts)
 A = Elapsed time spent in this place.
 B = Non-inter-level travel time spent in this place.
 C = Inter-level travel time spent in this place.
 D = Time resting spent in this place.
 E = Time spent auto-exploring this place.
 F = Levels seen in this place.
 G = Mean time per level.
                   A        B        C        D        E       F      G
               +--------+--------+--------+--------+--------+-----+--------+
         Total |   2323 |   2308 |     15 |    977 |    947 |   3 |  774.3 |
       Dungeon |   2323 |   2308 |     15 |    977 |    947 |   3 |  774.3 |
               +--------+--------+--------+--------+--------+-----+--------+

Top non-repeatable levels by time:
     D:1: 1049 daAuts
     D:2: 734 daAuts
     D:3: 539 daAuts
